 Dungeon Crawl Stone Soup version 0.26-a0-451-gacbe401039 (webtiles) character file.

Game seed: 8181823103431358533

186 Misa the Skirmisher (level 5, -2/34 HPs)
             Began as a Gargoyle Fighter on July 28, 2020.
             Killed by divine providence
             ... invoked by an orc priest
              (9 damage)
             ... on level 3 of the Dungeon.
             The game lasted 00:05:10 (2547 turns).

Misa the Skirmisher (Gargoyle Fighter)              Turns: 2547, Time: 00:05:10

Health: -2/34      AC: 12    Str: 21    XL:     5   Next: 65%
Magic:  5/5        EV:  7    Int:  8    God:
Gold:   107        SH:  9    Dex:  9    Spells: 4/4 levels left

rFire    . . .     SeeInvis .   q - +0 whip (venom)
rCold    . . .     Faith    .   c - +0 kite shield
rNeg     + . .     Spirit   .   b - +0 scale mail
rPois    ∞         Reflect  .   (no helmet)
rElec    +         Harm     .   (no cloak)
rCorr    .                      p - +0 pair of gloves
MR       .....                  (no boots)
Stlth    ..........             (no amulet)
HPRegen  0.11/turn              (no ring)
MPRegen  0.09/turn              (no ring)

@: no status effects
A: negative energy resistance 1, electricity resistance, unbreathing,
petrification resistance, rot immunity, AC +4
a: no special abilities


You were on level 3 of the Dungeon.
You visited 1 branch of the dungeon, and saw 3 of its levels.
You also visited: Sewer.

You collected 107 gold pieces.

Inventory:

Hand Weapons
 l - a +1 vampiric whip
 q - a +0 whip of venom (weapon)
Missiles
 r - 3 curare-tipped darts (quivered)
Armour
 b - a +0 scale mail (worn)
 c - a +0 kite shield (worn)
 p - a +0 pair of gloves (worn)
Scrolls
 a - a scroll of enchant weapon {unknown}
 e - a scroll of fear {unknown}
 f - a scroll of remove curse {unknown}
 h - a scroll of random uselessness {unknown}
 k - a scroll of immolation {unknown}
 n - a scroll of teleportation {unknown}
 o - a scroll of identify {unknown}
Potions
 d - 2 potions of flight {unknown}
 g - a potion of degeneration {unknown}
 i - 3 potions of heal wounds {unknown}
 j - a potion of lignification {unknown}
 m - 2 potions of curing {unknown}
 s - 2 potions of invisibility {unknown}


   Skills:
 + Level 4.4 Fighting
 + Level 3.3 Maces & Flails
 + Level 4.4 Armour
 + Level 4.3 Shields


You had 4 spell levels left.
You didn't know any spells.
Your spell library was empty.

Dungeon Overview and Level Annotations

Branches:
Dungeon (3/15)              Sewer (visited)

Altars:
The Shining One

Annotations:
D:3 Robin, Terence


Innate Abilities, Weirdness & Mutations

You are resistant to torment.
Your stone body is resilient. (AC +4)
You are immune to poison.
You resist negative energy. (rN+)
You are resistant to electric shocks. (rElec)
You can survive without breathing.
You are immune to petrification.
You are immune to rotting.


Message History

The orc is severely wounded.
You block the orc's attack.
You hit the orc but do no damage.
The orc looks as sick as possible!
The orc is almost dead.
You kill the orc!
The orc priest begins to cast a cantrip, but forgets the words!
You closely miss the orc priest.
The orc priest calls down the wrath of Beogh upon you.
Beogh smites you!
* * * LOW HITPOINT WARNING * * *
The orc priest looks satisfied for a moment.
Unknown command.
You hit the orc priest.
The orc priest is poisoned.
The orc priest is moderately wounded.
You block the orc priest's attack.
You barely miss the orc priest.
The orc priest is heavily wounded.
The orc priest calls down the wrath of Beogh upon you.
Beogh smites you!
You die...

.#.....
###.#.o..
#......#
#......###
#.........
########o.†...#
#o....o.......#
#o#########.###
#.#@# .# ....
#.#†# # ....
#.#.# .......
#.#.# .....>.
#.#.#
........#.#.#
........#.#.#
..........#
#...##.###


You could see 2 orc priests.

Vanquished Creatures
  A big kobold (Sewer)
  3 gnolls
  2 river rats (Sewer)
  A worm (D:2)
  2 dart slugs (D:1)
  7 leopard geckos
  An orc (D:3)
  10 bats
  2 giant cockroaches (D:2)
  6 goblins
  5 hobgoblins
  4 jackals
  7 kobolds
  A ball python (D:2)
  2 frilled lizards (D:2)
  8 rats
62 creatures vanquished.

Notes
Turn   | Place    | Note
-------+----------+-------------------------------------------
     0 | D:1      | Misa the Gargoyle Fighter began the quest for the Orb.
     0 | D:1      | Reached XP level 1. HP: 14/14 MP: 1/1
   202 | D:1      | Reached XP level 2. HP: 19/19 MP: 2/2
   696 | D:2      | Reached XP level 3. HP: 20/23 MP: 3/3
  1185 | D:2      | Found a glowing golden altar of the Shining One.
  1243 | D:2      | Reached XP level 4. HP: 29/29 MP: 4/4
  1415 | D:3      | Found a glowing drain.
  1421 | Sewer    | Entered a sewer
  1666 | Sewer    | Noticed a big kobold
  1742 | Sewer    | Killed a big kobold
  1742 | Sewer    | Reached XP level 5. HP: 33/33 MP: 5/5
  1759 | Sewer    | Found a white marble altar of Elyvilon.
  2162 | D:3      | Noticed Robin
  2391 | D:3      | Noticed Terence
  2547 | D:3      | Killed from afar by an orc priest

Illustrated notes

Levels and vault maps discovered:
D:1:      eino_arrival_druids_welcome, layout_loops_cross
D:2:      minmay_diamond_boxcup, layout_rooms, tso_metal_star
D:3:      layout_basic, gup_sewer_entry_pipe, chequers_ecumenical_altar_grove,
          uniq_terence, uniq_robin

Skill      XL: |  1  2  3  4 |
---------------+-------------+-----
Fighting       | 4 |  4.4
Armour         | 4 |  4.4
Maces & Flails | 3 |  3.3
Shields        | 4 |  4.3

Action                   |  1- 3 |  4- 6 || total
-------------------------+-------+-------++-------
Melee: Flail             |   106 |       ||   106
       Whip              |    56 |   167 ||   223
  Use: Potion            |       |     1 ||     1
Armor: Scale mail        |    87 |    98 ||   185
Dodge: Dodged            |    62 |    48 ||   110
Block: Kite shield       |    91 |    89 ||   180

Table legend: (Time is in decaauts)
 A = Elapsed time spent in this place.
 B = Non-inter-level travel time spent in this place.
 C = Inter-level travel time spent in this place.
 D = Time resting spent in this place.
 E = Time spent auto-exploring this place.
 F = Levels seen in this place.
 G = Mean time per level.
                   A        B        C        D        E       F      G
               +--------+--------+--------+--------+--------+-----+--------+
         Total |   2637 |   2524 |    113 |    525 |   1193 |   4 |  659.2 |
       Dungeon |   2229 |   2116 |    113 |    360 |   1082 |   3 |  743.0 |
         Sewer |    408 |    408 |      0 |    165 |    110 |   1 |  408.0 |
               +--------+--------+--------+--------+--------+-----+--------+

Top non-repeatable levels by time:
     D:2: 1250 daAuts
     D:1: 623 daAuts
   Sewer: 408 daAuts
     D:3: 355 daAuts
